 Dungeon Crawl Stone Soup version 0.28.0-45-g0d030f2227 (webtiles) character file.

Game seed: 6517457408579923391

997 issech the Cudgeller (level 7, 0/70 HPs)
             Began as a Troll Monk on Apr 17, 2022.
             Splashed by a jelly's acid (7 damage)
             ... on level 7 of the Dungeon.
             The game lasted 00:12:42 (3939 turns).

issech the Cudgeller (Troll Monk)                   Turns: 3939, Time: 00:12:42

Health: 0/70       AC: 12    Str: 20    XL:     7   Next: 99%
Magic:  6/6        EV: 11    Int:  6    God:
Gold:   274        SH:  0    Dex: 14    Spells: 6/6 levels left

rFire   + . .      SeeInvis .   r - +2 flail (protect)
rCold   . . .      Faith    .   (no shield)
rNeg    . . .      Spirit   .   b - +0 robe
rPois   .          Reflect  .   (helmet restricted)
rElec   .          Harm     .   t - +0 cloak
rCorr   .          Rampage  .   (gloves unavailable)
Will    .....                   (boots unavailable)
Stlth   ++........              (no amulet)
HPRegen 1.01/turn               m - ring of flight
MPRegen 0.10/turn               x - ring of protection from fire

@: under a protective aura, flying
A: large, unfitting armour, claws 3, regeneration 1, shaggy fur 1, tough skin 1
a: no special abilities


You were on level 7 of the Dungeon.
You visited 1 branch of the dungeon, and saw 7 of its levels.

You collected 274 gold pieces.

Inventory:

Hand Weapons
 a - a +0 mace
 e - a +0 dire flail
 j - a +0 hand crossbow
 o - a +0 flail
 r - a +2 flail of protection (weapon)
 v - a +0 hand axe of electrocution
Missiles
 c - 103 arrows
 d - 59 stones (quivered)
 g - 4 poisoned darts
 h - 81 bolts
 n - 101 sling bullets
Armour
 b - a +0 robe (worn)
 t - a +0 cloak (worn)
Jewellery
 m - a ring of flight (left claw)
 x - a ring of protection from fire (right claw)
Scrolls
 i - 2 scrolls of teleportation {unknown}
 k - 4 scrolls of silence {unknown}
 q - a scroll of brand weapon {unknown}
 w - a scroll of enchant armour {unknown}
 y - 2 scrolls of identify {unknown}
 A - a scroll of summoning {unknown}
Potions
 f - a potion of flight {unknown}
 l - a potion of degeneration {unknown}
 p - 2 potions of attraction {unknown}
 s - a potion of invisibility {unknown}
 u - a potion of magic {unknown}
 z - a potion of berserk rage {unknown}


   Skills:
 + Level 4.0 Fighting
 + Level 6.7 Maces & Flails
 + Level 0.1 Throwing
 + Level 4.4 Dodging
 + Level 1.5 Stealth


You had 6 spell levels left.
You didn't know any spells.
Your spell library contained the following spells:

 Spells                   Type           Power      Damage    Failure   Level
 Foxfire                  Conj/Fire      0%         2x1d4     45%         1
 Conjure Flame            Conj/Fire      0%         6-21      83%         3
 Inner Flame              Hex/Fire       0%         N/A       83%         3
 Flame Wave               Conj/Fire      0%         2d4       99%         4
 Leda's Liquefaction      Hex/Erth       0%         N/A       99%         4
 Lee's Rapid Deconstruct  Erth           0%         3d5*      100%        5
 Statue Form              Tmut/Erth      0%         N/A       100%        6


Dungeon Overview and Level Annotations

Branches:
Dungeon (7/15)             Temple (0/1) D:6

Altars:
Fedhas
Ru
Sif Muna
Yredelemnul

Shops:
D:4 *   D:5 (

Annotations:
D:5 2 transporters, NinjaNoafa's ghost, amateur HOAK


Innate Abilities, Weirdness & Mutations

You are too large for most types of armour.
You have claws for hands.
Your natural rate of healing is unusually fast.
You are covered in fur. (AC +1)
You have tough skin. (AC +1)


Message History

The orc priest calls upon Beogh to heal the orc wizard.
The adder bites you but does no damage.
You hit the adder.
The adder is severely wounded.
The adder barely misses you.
The orc priest calls upon Beogh to heal the orc wizard.
The adder completely misses you.
You hit the adder.
You kill the adder!
Found a stone staircase leading down.
Found 13 gold pieces and a silvery potion.
The orc wizard gestures wildly while chanting.
The orc wizard flickers and vanishes!
Deactivating autopickup; reactivate with Ctrl-A.
An iguana comes into view.
Found a leather armour.
You are no longer corroded.
The iguana hisses angrily.
There is a stone staircase leading down here.
You can't go up here!
Unknown command.
The jelly hits you.
* * * LOW HITPOINT WARNING * * *
You are splashed with acid!
* * * LOW HITPOINT WARNING * * *
You fly downwards.
You hear the roar of battle.
There is an entrance to a bailey on this level.
Hurry and find it before the portal closes forever!
Reactivating autopickup.
Found 11 gold pieces and 17 stones.
Found a stone staircase leading down.
There is a stone staircase leading up here.
You hit the jelly.
Your weapon exudes an aura of protection.
Your claws burn!
* * * LOW HITPOINT WARNING * * *
The jelly is lightly wounded.
The jelly hits you.
* * * LOW HITPOINT WARNING * * *
You are splashed with acid!
You die...

#########
..#.....#
#........
##J.......
#.@.......
##.$......
#.(......
#....>...
#........
##.......
......#
#######


You could see a jelly.

Vanquished Creatures
  A necrophage (D:3)
  2 centaurs (D:5)
  A phantom (D:5)
  2 scorpions (D:5)
  A howler monkey (D:5)
  A bullfrog zombie (D:5)
  A centaur zombie (D:5)
  3 hounds
  A jelly (D:6)
  2 orc wizards (D:6)
  A killer bee zombie (D:5)
  15 gnolls
  5 adders
  3 ufetubi
  A dart slug (D:1)
  4 orcs
  4 bats
  4 endoplasms
  4 giant cockroaches
  4 goblins
  4 hobgoblins
  3 jackals (D:3)
  4 quokkas
  2 ball pythons (D:2)
  7 kobolds
  5 rats
  A spectral goblin (D:1)
86 creatures vanquished.

Vanquished Creatures (others)
  6 plants (D:5)
6 creatures vanquished.

Grand Total: 92 creatures vanquished

Notes
Turn   | Place    | Note
-------+----------+-------------------------------------------
     0 | D:1      | issech the Troll Monk began the quest for the Orb.
     0 | D:1      | Reached XP level 1. HP: 22/22 MP: 0/0
    85 | D:1      | Found a faded altar of an unknown god.
   374 | D:1      | Reached XP level 2. HP: 29/29 MP: 1/1
   515 | D:1      | Reached skill level 3 in Maces & Flails
   805 | D:2      | Reached XP level 3. HP: 36/36 MP: 2/2
  1128 | D:2      | Reached XP level 4. HP: 45/45 MP: 3/3
  1508 | D:3      | Found a basalt altar of Yredelemnul.
  1973 | D:3      | Reached skill level 4 in Maces & Flails
  1976 | D:3      | Reached XP level 5. HP: 53/53 MP: 4/4
  2010 | D:3      | Noticed a necrophage
  2031 | D:3      | Killed a necrophage
  2369 | D:4      | Found Cufoshud's Gadget Gallery.
  2418 | D:4      | Reached XP level 6. HP: 49/61 MP: 5/5
  2432 | D:4      | Reached skill level 5 in Maces & Flails
  2531 | D:4      | Found a shimmering blue altar of Sif Muna.
  2687 | D:4      | Found a sacrificial altar of Ru.
  3022 | D:5      | Entered Level 5 of the Dungeon
  3083 | D:5      | Found Fomoumn's Weapon Shoppe.
  3214 | D:5      | Reached XP level 7. HP: 66/67 MP: 6/6
  3253 | D:5      | Found a transporter.
  3507 | D:5      | Reached skill level 6 in Maces & Flails
  3671 | D:5      | Found a blossoming altar of Fedhas.
  3762 | D:5      | Noticed NinjaNoafa's ghost (amateur HOAK)
  3768 | D:5      | Found a transporter.
  3885 | D:6      | Found a staircase to the Ecumenical Temple.
  3939 | D:7      | Splashed by a jelly's acid

Illustrated notes

Levels and vault maps discovered:
D:1:      wheals_arrival_linesprint, layout_loops_ring,
          dreamdust_ecumenical_altar_drowned_temple
D:2:      layout_loops_ring
D:3:      layout_basic, old_standard_altar
D:4:      layout_loops_ring, nicolae_ru_awakened_eye, kennysheep_mini_moat,
          nicolae_shop_gadgets
D:5:      layout_basic, fedhas_bush_and_centaur_altar,
          gammafunk_ghost_gnarly_gnolls, serial_shops, shop_fountains
D:6:      layout_loops_ring, mainiacjoe_overflow_alcove_2,
          minmay_temple_entry_large_hall, kb_lookout_dungeons_type
D:7:      layout_rooms, enter_bailey_8, ebering_ghost_gozag, uniq_harold,
          uniq_crazy_yiuf_cottage, uniq_duvessa

Skill      XL: |  1  2  3  4  5  6  7 |
---------------+----------------------+-----
Maces & Flails | 3 4 5 6 |  6.7
Fighting       | 3 4 |  4.0
Dodging        | 3 4 |  4.4
Throwing       | |  0.1
Stealth        | |  1.5

Action                   |  1- 3 |  4- 6 |  7- 9 || total
-------------------------+-------+-------+-------++-------
Melee: Mace              |    47 |       |       ||    47
       Punch             |     1 |     2 |     3 ||     6
       Dire flail        |    31 |    92 |       ||   123
       Flail             |       |    76 |   104 ||   180
Throw: Stone             |       |     6 |       ||     6
 Stab: Sleeping          |     1 |     1 |       ||     2
Armor: Robe              |    33 |    75 |    76 ||   184
Dodge: Dodged            |    50 |   118 |    97 ||   265
